 Dungeon Crawl Stone Soup version 0.24.0-123-gd5b16e6ec5 (webtiles) character file.

Game seed: 14657226310313664198, levelgen mode: deterministic

58 FishyPogo the Stinger (level 4, 0/32 HPs)
             Began as a Gnoll Venom Mage on Dec 19, 2019.
             Was an Initiate of Okawaru.
             Slain by a +4 great sword of speed (8 damage)
             ... created by the rancor of the Wu Jian Council
             ... on level 2 of the Dungeon.
             The game lasted 00:05:13 (1237 turns).

FishyPogo the Stinger (Gnoll Venom Mage)            Turns: 1237, Time: 00:05:13

Health: 0/32       AC:  5    Str: 10    XL:     4   Next: 2%
Magic:  11/11      EV: 12    Int: 18    God:    Okawaru [......]
Gold:   116        SH:  0    Dex: 16    Spells: 10/13 levels left

rFire    + . .     SeeInvis .   d - +1 short sword
rCold    . . .     Gourm    .   (no shield)
rNeg     . . .     Faith    .   i - +0 ring mail {rF+}
rPois    .         Spirit   .   (no helmet)
rElec    .         Reflect  .   (no cloak)
rCorr    .         Harm     .   (no gloves)
MR       .....                  (no boots)
Stlth    ++........             (no amulet)
HPRegen  0.10/turn              (no ring)
MPRegen  0.12/turn              (no ring)

@: slowed, very slow
A: distributed training, fangs 1, strong nose
a: Renounce Religion


You were on level 2 of the Dungeon.
You worshipped Okawaru.
Okawaru was noncommittal.
You were not hungry.

You visited 1 branch of the dungeon, and saw 2 of its levels.

You collected 116 gold pieces.

Inventory:

Hand Weapons
 d - a +1 short sword (weapon)
Missiles
 g - 19 stones (quivered)
Armour
 i - a +0 ring mail of fire resistance (worn)
Scrolls
 a - a scroll of immolation {unknown}
 e - 5 scrolls of identify {unknown}
 k - a scroll of enchant armour {unknown}
 n - a scroll of amnesia {unknown}
 s - a scroll of magic mapping {unknown}
Potions
 b - a potion of curing {unknown}
 j - a potion of flight {unknown}
 l - a potion of agility {unknown}
 p - a potion of berserk rage {unknown}
 r - a potion of might {unknown}
Comestibles
 c - 2 rations
 f - 5 chunks of flesh


   Skills:
 + Level 1.0 Fighting
 + Level 1.0 Short Blades
 + Level 1.0 Long Blades
 + Level 1.0 Axes
 + Level 1.0 Maces & Flails
 + Level 1.0 Polearms
 + Level 1.0 Staves
 + Level 1.0 Slings
 + Level 1.0 Bows
 + Level 1.0 Crossbows
 + Level 1.0 Throwing
 + Level 1.0 Armour
 + Level 4.6 Dodging
 + Level 4.2 Stealth
 + Level 1.0 Shields
 + Level 1.0 Unarmed Combat
 + Level 5.0 Spellcasting
 + Level 2.1 Conjurations
 + Level 0.7 Hexes
 + Level 0.7 Charms
 + Level 0.7 Summonings
 + Level 0.7 Necromancy
 + Level 0.7 Translocations
 + Level 0.7 Transmutations
 + Level 0.7 Fire Magic
 + Level 0.7 Ice Magic
 + Level 0.7 Air Magic
 + Level 0.7 Earth Magic
 + Level 5.4 Poison Magic
 + Level 1.0 Invocations
 + Level 1.0 Evocations


You had 10 spell levels left.
You knew the following spells:

 Your Spells              Type           Power        Failure   Level  Hunger
a - Sting                 Conj/Pois      ###.         7%          1    None
b - Poisonous Vapours     Pois/Air       ###...       14%         2    #......

Your spell library contained the following spells:

 Spells                   Type           Power        Failure   Level  Hunger
 Mephitic Cloud           Conj/Pois/Air  ##......     32%         3    ##.....
 Olgreb's Toxic Radiance  Pois           ###.....     34%         4    ####...
 Venom Bolt               Conj/Pois      ###.......   89%         5    ######.


Dungeon Overview and Level Annotations

Branches:
Dungeon (2/15)

Altars:
Okawaru
Wu Jian


Innate Abilities, Weirdness & Mutations

Your experience applies equally to all skills.
You have very sharp teeth.
Your uncanny sense of smell can sniff out nearby items.


Message History

The +3 dire flail of speed is unaffected.
The +4 great sword of speed is unaffected.
It was a scroll of fear.
The +3 rapier of flaming hits you. The +3 rapier of flaming burns you.
The +2 rapier of speed hits you.
Unknown command.
As you read the scroll labeled FULLI KUCYWEAB, it crumbles to dust.
It is a scroll of enchant weapon.
Your +0 short sword glows red for a moment.
The +4 great sword of speed hits you.
The +4 glaive of chopping hits you from afar!
* * * LOW HITPOINT WARNING * * *
The +3 rapier of flaming hits you but does no damage.
The +2 rapier of speed misses you.
Unknown command.
As you read the scroll labeled PAKHLETOPNATE, it crumbles to dust.
The dust glows shimmering yellow!
It was a scroll of random uselessness.
The +2 rapier of speed hits you but does no damage.
The +3 rapier of flaming hits you but does no damage.
The +4 great sword of speed hits you!
You die...

#..8._.8..#+#'###.#
#...8.8...........#
#....8...<........#
#.................#
#.##..<)....#+###.#
#.............###.####
#####(#.#'#...>.......
#(#...########....
###########@#.##########....
#........(((#..........#....
#.###########..........+....
#.#...# #..........#....
#.#...# #.....>....#....
#.#...########.........#....
#.#....................+....
#.#.........##.........#....
#.#.........##.........#####


You could see 5 dancing weapons.

Vanquished Creatures
  A gnoll (D:1)
  An ooze (D:1)
  A worm (D:2)
  2 dart slugs (D:1)
  2 leopard geckos (D:2)
  4 bats
  4 giant cockroaches
  5 goblins (D:1)
  3 hobgoblins
  A ball python (D:1)
  A frilled lizard (D:1)
  5 kobolds
  3 rats (D:1)
33 creatures vanquished.

Notes
Turn   | Place    | Note
-------+----------+-------------------------------------------
     0 | D:1      | FishyPogo the Gnoll Venom Mage began the quest for the Orb.
     0 | D:1      | Reached XP level 1. HP: 13/13 MP: 6/6
   133 | D:1      | Reached XP level 2. HP: 19/19 MP: 5/7
   137 | D:1      | Learned a level 2 spell: Poisonous Vapours
   232 | D:2      | Found a faded altar of an unknown god.
   237 | D:2      | Became a worshipper of the Wu Jian Council
   237 | D:2      | Reached * piety under Wu Jian
   270 | D:2      | Reached XP level 3. HP: 9/25 MP: 9/9
   288 | D:1      | Reached skill level 5 in Spellcasting
   605 | D:1      | Reached skill level 1 in Invocations
  1132 | D:2      | Reached skill level 1 in Fighting
  1132 | D:2      | Reached skill level 1 in Short Blades
  1132 | D:2      | Reached skill level 1 in Long Blades
  1132 | D:2      | Reached skill level 1 in Axes
  1132 | D:2      | Reached skill level 1 in Maces & Flails
  1132 | D:2      | Reached skill level 1 in Polearms
  1132 | D:2      | Reached skill level 1 in Staves
  1132 | D:2      | Reached skill level 1 in Slings
  1132 | D:2      | Reached skill level 1 in Bows
  1132 | D:2      | Reached skill level 1 in Crossbows
  1132 | D:2      | Reached skill level 1 in Throwing
  1132 | D:2      | Reached skill level 1 in Armour
  1132 | D:2      | Reached skill level 1 in Shields
  1132 | D:2      | Reached skill level 1 in Unarmed Combat
  1132 | D:2      | Reached skill level 1 in Evocations
  1156 | D:2      | Found an iron altar of Okawaru.
  1167 | D:2      | Fell from the grace of Wu Jian
  1167 | D:2      | Became a worshipper of Warmaster Okawaru
  1179 | D:2      | Reached XP level 4. HP: 30/32 MP: 6/11
  1234 | D:2      | Noticed a +2 rapier of speed
  1234 | D:2      | Noticed a +4 glaive of chopping
  1234 | D:2      | Noticed a +3 rapier of flaming
  1234 | D:2      | Noticed a +3 dire flail of speed
  1234 | D:2      | Noticed a +4 great sword of speed
  1237 | D:2      | Slain by a +4 great sword of speed

Levels and vault maps discovered:
D:1:      dpeg_arrival_ternary, layout_basic, serial_bayou, serial_bayou_lake_a,
          serial_bayou_pond_d, serial_bayou_crossing, serial_bayou_pond_e
D:2:      layout_basic, okawaru_metal_pillars_1_2,
          chequers_ecumenical_altar_simple_redux, xom_redecorated

Skill      XL: |  1  2  3 |
---------------+----------+-----
Conjurations   | 2 |  2.1
Spellcasting   | 5 |  5.0
Invocations    | 1 |  1.0
Fighting       | 1 |  1.0
Short Blades   | 1 |  1.0
Long Blades    | 1 |  1.0
Axes           | 1 |  1.0
Maces & Flails | 1 |  1.0
Polearms       | 1 |  1.0
Staves         | 1 |  1.0
Slings         | 1 |  1.0
Bows           | 1 |  1.0
Crossbows      | 1 |  1.0
Throwing       | 1 |  1.0
Armour         | 1 |  1.0
Shields        | 1 |  1.0
Unarmed Combat | 1 |  1.0
Evocations     | 1 |  1.0
Dodging        | |  4.6
Stealth        | |  4.2
Hexes          | |  0.7
Charms         | |  0.7
Summonings     | |  0.7
Necromancy     | |  0.7
Translocations | |  0.7
Transmutations | |  0.7
Fire Magic     | |  0.7
Ice Magic      | |  0.7
Air Magic      | |  0.7
Earth Magic    | |  0.7
Poison Magic   | |  5.4

Action                   |  1- 3 |  4- 6 || total
-------------------------+-------+-------++-------
Melee: Short sword       |    62 |     2 ||    64
       Bite              |     5 |       ||     5
 Cast: Sting             |    25 |     1 ||    26
       Poisonous Vapours |     4 |       ||     4
Invok: Lunge             |    14 |       ||    14
       Whirlwind         |    17 |       ||    17
  Use: Scroll            |       |     4 ||     4
 Stab: Sleeping          |     8 |       ||     8
  Eat: Chunk             |     1 |       ||     1
Armor: Robe              |     3 |       ||     3
       Ring mail         |    14 |     2 ||    16
Dodge: Dodged            |    31 |     2 ||    33
